 Dungeon Crawl Stone Soup version 0.26-a0-597-gb535b0901c (webtiles) character file.

Game seed: 6387539289217379032

326 Apogee the Slasher (level 6, -1/47 HPs)
             Began as a Demonspawn Gladiator on Sept 12, 2020.
             Was an Initiate of Makhleb.
             Killed from afar by an orc wizard (6 damage)
             ... with a magic dart
             ... on level 4 of the Dungeon.
             The game lasted 00:05:42 (3772 turns).

Apogee the Slasher (Demonspawn Gladiator)           Turns: 3772, Time: 00:05:44

Health: -1/47      AC:  7    Str: 16    XL:     6   Next: 24%
Magic:  6/6        EV: 12    Int:  9    God:    Makhleb [......]
Gold:   236        SH:  0    Dex: 15    Spells: 5/5 levels left

rFire    . . .     SeeInvis .   a - +0 long sword
rCold    + . .     Faith    .   (no shield)
rNeg     . . .     Spirit   .   s - +0 ring mail {rC+}
rPois    .         Reflect  .   c - +0 helmet
rElec    .         Harm     .   (no cloak)
rCorr    .                      (no gloves)
MR       .....                  p - +0 pair of boots
Stlth    ..........             (no amulet)
HPRegen  0.15/turn              (no ring)
MPRegen  0.10/turn              (no ring)

@: confused
A: powered by death 2
a: Renounce Religion


You were on level 4 of the Dungeon.
You worshipped Makhleb.
Makhleb was noncommittal.
You visited 2 branches of the dungeon, and saw 5 of its levels.

You collected 236 gold pieces.

Inventory:

Hand Weapons
 a - a +0 long sword (weapon)
Missiles
 d - 3 throwing nets (quivered) {!f}
Armour
 b - a +0 leather armour
 c - a +0 helmet (worn)
 n - a +0 ring mail
   (You found it on level 2 of the Dungeon)
 p - a +0 pair of boots (worn)
   (You found it on level 3 of the Dungeon)
 s - a +0 ring mail of cold resistance (worn)
   (You found it on level 3 of the Dungeon)
Jewellery
 o - a cursed -4 ring of intelligence {unknown}
   (You found it on level 2 of the Dungeon)
Wands
 v - a wand of digging (7)
   (You found it on level 2 of the Dungeon)
Scrolls
 f - 5 scrolls of identify {unknown}
 g - 2 scrolls of blinking {unknown}
 i - 2 scrolls of remove curse {unknown}
 k - a scroll of fog {unknown}
 m - 3 scrolls of teleportation {unknown}
 t - a scroll of magic mapping {unknown}
 u - a scroll of noise {unknown}
Potions
 e - 2 potions of haste {unknown}
 h - 4 potions of flight {unknown}
 j - 3 potions of cancellation {unknown}
 l - a potion of mutation {unknown}
 q - a potion of stabbing {unknown}
 r - a potion of curing {unknown}


   Skills:
 + Level 3.3 Fighting
 * Level 4.5 Long Blades
 + Level 3.1 Throwing
 + Level 3.7 Dodging


You had 5 spell levels left.
You didn't know any spells.
Your spell library contained the following spells:

 Spells                   Type           Power        Failure   Level
 Magic Dart               Conj           #...         61%         1
 Blink                    Tloc           N/A          75%         2
 Call Imp                 Summ           #.......     75%         2
 Slow                     Hex            #.......     75%         2
 Conjure Flame            Conj/Fire      #.......     93%         3
 Mephitic Cloud           Conj/Pois/Air  #.......     93%         3


Dungeon Overview and Level Annotations

Branches:
Dungeon (4/15)             Temple (1/1) D:4

Altars:
Ashenzari
Cheibriados
Dithmenos
Elyvilon
Gozag
Hepliaklqana
Kikubaaqudgha
Makhleb
Nemelex Xobeh
Okawaru
Qazlal
Sif Muna
Trog
Uskayaw
Vehumet
Wu Jian
Xom
Zin


Innate Abilities, Weirdness & Mutations

You regenerate health from kills.


Message History

An orc wizard is nearby!
An orc wizard comes into view. It is wielding a +0 flail.
The orc wizard shouts! x2
The orc throws a stone.
The stone barely misses you.
You see here a stone.
The orc throws a stone.
The stone hits you.
You see here a stone.
The orc wizard barely misses you.
You riposte.
You closely miss the orc wizard. You closely miss the orc wizard.
The orc wizard hits you but does no damage.
You barely miss the orc wizard.
The orc wizard hits you but does no damage.
The orc wizard closely misses you.
You riposte.
You slash the orc wizard!
The orc wizard gestures at you while chanting.
The magic dart hits you! The orc barely misses you.
You hit the orc wizard but do no damage.
The orc wizard casts a spell at you.
You are confused.
The orc wizard points at you and mumbles some strange words.
The magic dart hits you. The orc hits you but does no damage.
You bump into the rock wall.
The orc wizard points at you and mumbles some strange words.
The magic dart hits you.
The orc wizard hits you but does no damage.
The orc hits you but does no damage.
Unknown command.
The orc wizard gestures at you while chanting.
The magic dart hits you.
* * * LOW HITPOINT WARNING * * *
You bump into the rock wall.
The orc wizard casts a spell at you.
You are more confused.
The orc wizard hits you but does no damage.
You hit the orc wizard but do no damage.
The orc wizard hits you but does no damage.
Unknown command.
You closely miss the orc wizard.
The orc wizard gestures at you while chanting.
The magic dart hits you.
* * * LOW HITPOINT WARNING * * *
The orc wizard points at you and mumbles some strange words.
The puff of flame hits you!
* * * LOW HITPOINT WARNING * * *
The orc barely misses you.
The orc wizard hits you but does no damage.
Unknown command.
Okay, then.
The orc wizard points at you and mumbles some strange words.
The magic dart hits you.
You die...

.># ####.###.#
..>.. #.# #.# #.#
#.#.. .# #)# #.# #
#.# #.# #.# #.# #
#[# #.# .# #.# #.#
.###. #.###)####
......
#....)..@####....#
#####.....oo.....#
####(.o......#
######......
#..### .## #..#
... #..# ### #..#
##..#########


You could see 2 orc wizards and an orc.

Vanquished Creatures
  A centaur skeleton (D:4)
  2 hounds
  2 orc priests (D:4)
  A bullfrog skeleton (D:4)
  A worker ant (D:4)
  4 adders
  An ooze (D:4)
  2 worms (D:3)
  A leopard gecko (D:2)
  10 orcs
  2 bats
  3 giant cockroaches
  9 goblins
  8 hobgoblins
  9 kobolds
  3 quokkas
  2 ball pythons
  5 frilled lizards
  A jackal skeleton (D:3)
  4 rats
71 creatures vanquished.

Vanquished Creatures (others)
  A wizard (D:4)
1 creature vanquished.

Grand Total: 72 creatures vanquished

Notes
Turn   | Place    | Note
-------+----------+-------------------------------------------
     0 | D:1      | Apogee the Demonspawn Gladiator began the quest for the
                  | Orb.
     0 | D:1      | Reached XP level 1. HP: 16/16 MP: 1/1
   510 | D:1      | Gained mutation: You regenerate a little health from kills.
                  | [demonic ancestry]
   510 | D:1      | Reached XP level 2. HP: 22/22 MP: 2/2
   870 | D:1      | Reached skill level 3 in Long Blades
  1527 | D:2      | Reached XP level 3. HP: 23/28 MP: 3/3
  2000 | D:3      | Reached XP level 4. HP: 31/34 MP: 4/4
  2719 | D:4      | Reached skill level 4 in Long Blades
  2719 | D:4      | Gained mutation: You regenerate health from kills. [demonic
                  | ancestry]
  2719 | D:4      | Reached XP level 5. HP: 29/40 MP: 5/5
  2793 | D:4      | Found a staircase to the Ecumenical Temple.
  2815 | D:4      | Found an ancient bone altar of Kikubaaqudgha.
  2884 | Temple   | Entered the Ecumenical Temple
  2925 | Temple   | Became a worshipper of Makhleb the Destroyer
  3164 | D:4      | Found a bloodstained altar of Trog.
  3167 | D:4      | Noticed a wizard
  3173 | D:4      | Killed a wizard
  3579 | D:4      | Reached XP level 6. HP: 39/47 MP: 6/6
  3772 | D:4      | Killed from afar by an orc wizard

Illustrated notes

Levels and vault maps discovered:
D:1:      evilmike_arrival_crescent, layout_basic, glass_columns_b
D:2:      layout_basic, palyth_stone_intersect, mrwooster_statue_mirror,
          st_stairs_4, minivault_11, minmay_misc_feat_iff,
          kennysheep_flooded_box
D:3:      layout_rooms, kennysheep_small_spiral
D:4:      layout_loops_ring, kennysheep_little_box,
          minmay_temple_entry_proselytizer, trog_wizard
Temple:   lightli_temple_of_artemis

Skill      XL: |  1  2  3  4  5 |
---------------+----------------+-----
Throwing       | 2 3 |  3.1
Long Blades    | 3 4 |  4.5
Dodging        | 3 |  3.7
Fighting       | 3 |  3.3

Action                   |  1- 3 |  4- 6 || total
-------------------------+-------+-------++-------
Melee: Long sword        |   103 |   141 ||   244
Armor: Leather armour    |     9 |       ||     9
       Ring mail         |    32 |    60 ||    92
Dodge: Dodged            |    63 |   116 ||   179
       Rpst.: Long sword |    20 |    43 ||    63

Table legend: (Time is in decaauts)
 A = Elapsed time spent in this place.
 B = Non-inter-level travel time spent in this place.
 C = Inter-level travel time spent in this place.
 D = Time resting spent in this place.
 E = Time spent auto-exploring this place.
 F = Levels seen in this place.
 G = Mean time per level.
                   A        B        C        D        E       F      G
               +--------+--------+--------+--------+--------+-----+--------+
         Total |   3829 |   3677 |    152 |    342 |   2665 |   5 |  765.8 |
       Dungeon |   3773 |   3634 |    139 |    342 |   2665 |   4 |  943.2 |
        Temple |     55 |     42 |     13 |      0 |      0 |   1 |   55.0 |
               +--------+--------+--------+--------+--------+-----+--------+

Top non-repeatable levels by time:
     D:4: 1057 daAuts
     D:1: 1026 daAuts
     D:2: 845 daAuts
     D:3: 844 daAuts
  Temple: 55 daAuts
